 Dungeon Crawl Stone Soup version 0.31-a0-18-gea43df2a32 (webtiles) character file.

Game seed: 2496227333336658903

91 IdlyInterested the Covered (level 4, -2/35 HPs)
             Began as a Demonspawn Wanderer on May 10, 2023.
             Succumbed to an orc wizard's poison
             ... on level 2 of the Dungeon.
             The game lasted 00:07:38 (1414 turns).

IdlyInterested the Covered (Demonspawn Wanderer)    Turns: 1414, Time: 00:07:39

Health: -2/35      AC:  9    Str: 14    XL:     4   Next: 34%
Magic:  7/7        EV: 11    Int: 13    God:
Gold:   71         SH:  4    Dex: 13    Spells: 6/7 levels left

rFire   . . .        n - +0 rapier
rCold   . . .        b - +0 buckler
rNeg    . . .        d - +0 chain mail
rPois   .            (helmet restricted)
rElec   .            (no cloak)
rCorr   .            (no gloves)
SInv    .            (no boots)
Will    .....        (no amulet) Stlth
                     f - +5 ring of evasion
HPRegen 0.25/turn    (no ring)
MPRegen 0.10/turn

%: no passive effects
@: brilliant, lethally poisoned (-2 -> -16), hasted, very quick
A: horns 1, powered by pain 1
a: no special abilities


You were on level 2 of the Dungeon.
You visited 1 branch of the dungeon, and saw 2 of its levels.

You collected 71 gold pieces.

Inventory:

Hand Weapons
 g - a +0 dagger
 l - a +0 short sword
 n - a +0 rapier (weapon)
 p - a +0 spear
Missiles
 e - 16 stones (quivered)
 m - 4 boomerangs
Armour
 b - a +0 buckler (worn)
 d - a +0 chain mail (worn)
 j - a +0 plate armour
Jewellery
 f - a +5 ring of evasion (left hand)
Scrolls
 i - a scroll of poison {unknown}
 k - a scroll of silence {unknown}
 o - a scroll of teleportation {unknown}
 q - a scroll of vulnerability {unknown}
 r - a scroll of identify {unknown}
 t - a scroll of enchant armour {unknown}
Potions
 c - a potion of attraction


   Skills:
 - Level 3.0 Fighting
 - Level 1.0 Throwing
 - Level 3.6 Armour
 - Level 1.0 Dodging
 - Level 1.0 Stealth
 - Level 1.0 Shields
 * Level 2.3 Spellcasting
 + Level 0.0 Conjurations
 - Level 1.0 Hexes
 - Level 1.2 Invocations
 - Level 1.0 Evocations


You had 6 spell levels left.
You knew the following spells:

 Your Spells              Type           Power      Damage    Failure   Level
a - Slow                  Hex            24%        N/A       98%         1

Your spell library contained the following spells:

 Spells                   Type           Power      Damage    Failure   Level
 Dazzling Flash           Conj/Hex       8%         N/A       100%        3


Dungeon Overview and Level Annotations

Branches:
Dungeon (2/15)

Altars:


Innate Abilities, Weirdness & Mutations

You have a pair of small horns on your head.
You sometimes gain a little power by taking damage.


Message History

Something hits you but does no damage.
You are lethally poisoned!
You're too confused to move!
You feel very sick. Something hits you.
You closely miss something.
You feel very sick. Something hits you but does no damage.
You are lethally poisoned!
Something hits you but does no damage.
You completely miss something. Your headbutt misses something.
You feel very sick. Something hits you but does no damage.
You bump into the rock wall.
You feel very sick. Something hits you but does no damage.
You are lethally poisoned!
You're too confused to move!
You feel less invigorated.
You feel less confused.
You feel very sick. Something hits you but does no damage.
It was a potion of brilliance.
You feel clever all of a sudden.
* * * LOW HITPOINT WARNING * * *
You feel very sick. Something hits you but does no damage.
You are more poisoned.
It was a potion of haste.
You feel yourself speed up.
* * * LOW HITPOINT WARNING * * *
You feel very sick. Something hits you but does no damage.
You barely miss something.
* * * LOW HITPOINT WARNING * * *
You feel very sick.
You hear some strange, mumbled words.
A magic dart appears from out of thin air!
The magic dart hits you.
* * * LOW HITPOINT WARNING * * *
You barely miss something. Your headbutt misses something.
You die...

. .......o..##........ .
..............##..... . .
..............##..... . ..
..............###.... # ...
........†.....# ####. ..........
....#####....######. ...........
....................
............######....#.....#....
................@{.>..#.....#....
........#....#####....#..........
.............................)...
.................#####...........
.................................
.................##.##....#).....
.............#............#......
#................................
#................................


There were no monsters in sight!

Vanquished Creatures
  2 adders (D:2)
  2 dart slugs (D:1)
  6 bats (D:1)
  5 endoplasms
  3 giant cockroaches
  4 goblins (D:1)
  5 hobgoblins
  5 jackals
  3 kobolds
  2 quokkas (D:1)
  4 ball pythons
  2 frilled lizards (D:1)
  4 rats
47 creatures vanquished.

Vanquished Creatures (others)
  An orc wizard (D:2)
1 creature vanquished.

Grand Total: 48 creatures vanquished

Notes
Turn   | Place    | Note
-------+----------+-------------------------------------------
     0 | D:1      | IdlyInterested the Demonspawn Wanderer began the quest for
                  | the Orb.
     0 | D:1      | IdlyInterested set off with the following items: a +0 club,
                  | a +0 buckler, a potion of attraction, a +0 chain mail; and
                  | the following spell memorised: Slow; and the following
                  | spells available to memorise: Dazzling Flash.
     0 | D:1      | Reached XP level 1. HP: 13/13 MP: 3/3
    85 | D:1      | Reached skill level 1 in Fighting
   144 | D:1      | Gained mutation: You sometimes gain a little power by
                  | taking damage. [demonic ancestry]
   144 | D:1      | Reached XP level 2. HP: 19/21 MP: 5/5
   261 | D:1      | Reached skill level 1 in Stealth
   563 | D:1      | Gained mutation: You have a pair of small horns on your
                  | head. [demonic ancestry]
   563 | D:1      | Reached XP level 3. HP: 23/27 MP: 6/6
  1098 | D:2      | Reached skill level 1 in Dodging
  1251 | D:2      | Reached XP level 4. HP: 32/35 MP: 7/7
  1404 | D:2      | Reached skill level 1 in Throwing
  1413 | D:2      | HP: 1/35 [something/magic dart (2)]
  1414 | D:2      | Succumbed to an orc wizard's poison

Illustrated notes

Levels and vault maps discovered:
D:1:      dpeg_arrival_concentric_ovals, layout_basic, minmay_indecisive_spiral
D:2:      layout_basic

Skill      XL: |  1  2  3  4 |
---------------+-------------+-----
Fighting       | 1 2 3 |  3.0
Stealth        | 1 |  1.0
Dodging        | 1 |  1.0
Throwing       | 1 |  1.0
Armour         | |  3.6
Shields        | |  1.0
Spellcasting   | |  2.3
Hexes          | |  1.0
Invocations    | |  1.2
Evocations     | |  1.0

Action                     |  1- 3 |  4- 6 || total
---------------------------+-------+-------++-------
  Melee: Club              |   177 |       ||   177
         Rapier            |    24 |    29 ||    53
         Headbutt          |    10 |     5 ||    15
  Throw: Stone             |     2 |       ||     2
    Use: Potion            |       |     3 ||     3
 Armour: Chain mail        |   133 |    18 ||   151
  Dodge: Dodged            |   110 |    12 ||   122
  Block: Buckler           |    36 |     2 ||    38

Table legend: (Time is in decaauts)
 A = Elapsed time spent in this place.
 B = Non-inter-level travel time spent in this place.
 C = Inter-level travel time spent in this place.
 D = Time resting spent in this place.
 E = Time spent auto-exploring this place.
 F = Levels seen in this place.
 G = Mean time per level.
                   A        B        C        D        E       F      G
               +--------+--------+--------+--------+--------+-----+--------+
         Total |   1488 |   1353 |    135 |     99 |    636 |   2 |  744.0 |
       Dungeon |   1488 |   1353 |    135 |     99 |    636 |   2 |  744.0 |
               +--------+--------+--------+--------+--------+-----+--------+

Top non-repeatable levels by time:
     D:1: 1091 daAuts
     D:2: 396 daAuts
